AoeStats
← Mr. Penis

African Clearing

506822858Analyzed
4v4 RM · 17d ago on Sep 15, 2026· 34m 46s· 8 players
Game mode
Random Map
Map size
Large (8 player)
Population
200
Speed
Normal
Resources
Standard
Victory
Conquest
Starting age
Dark Age
Ending age
Imperial Age
RankedLock teamsTeams togetherTeam positionsShared explorationLock speedFull tech treeHidden civsTurbo modeCheats
Victory
Defeat
🇭🇰 Jurchens · Hong Kong SAR China
1321
+14
🇮🇩 Vietnamese · Indonesia
1289
+15
🇰🇼 Japanese · Kuwait
1279
+16
🇪🇸 Poles · Spain
1252
+17
🇷🇺 Jurchens · Russia
1320
-17
🇰🇷 Mongols · South Korea
1309
-17
🇨🇳 Britons · China
1252
-15
🇪🇸 Spanish · Spain
1203
-13
SteveROGERS
3:16 Loom
13:58 Feudal Age
17:54 Castle Age
15:40 Double-Bit Axe
18:56 Bow Saw
22:04 Horse Collar
32:31 Gold Mining
32:31 Stone Mining
34:21 Heavy Plow
37:15 Imperial Age
35:21 Wheelbarrow
34:33 Town Watch
Hiwain
5:53 Loom
14:01 Feudal Age
17:35 Castle Age
16:09 Double-Bit Axe
18:53 Bow Saw
21:12 Fletching
22:20 Bodkin Arrow
25:08 Fishing Lines
26:24 Ballistics
27:53 Wheelbarrow
27:33 Town Watch
29:07 Hand Cart
29:24 Gillnets
31:11 Thumb Ring
32:49 Gold Mining
33:41 Padded Archer Armor
37:16 Imperial Age
35:08 Stone Mining
alktam
7:42 Loom
11:28 Feudal Age
12:20 Double-Bit Axe
12:37 Horse Collar
20:27 Wheelbarrow
20:22 Fletching
25:44 Castle Age
23:54 Gold Mining
24:46 Padded Archer Armor
26:20 Bodkin Arrow
25:45 Crossbowman
30:20 Bow Saw
32:13 Leather Archer Armor
33:42 Stone Mining
34:24 Ballistics
+Matt.Chak
3:52 Loom
14:50 Feudal Age
19:17 Castle Age
17:11 Horse Collar
17:32 Double-Bit Axe
18:34 Bloodlines
19:32 Scale Barding Armor
20:27 Husbandry
23:18 Forging
23:48 Chain Barding Armor
26:47 Iron Casting
27:50 Chain Barding Armor
33:07 Fletching
hades
5:02 Loom
13:06 Feudal Age
13:48 Double-Bit Axe
19:39 Castle Age
18:43 Town Watch
33:08 Fletching
kdu0687
13:17 Feudal Age
18:52 Castle Age
19:07 Scale Barding Armor
25:27 Bloodlines
25:27 Horse Collar
26:44 Husbandry
32:50 Fletching
33:26 Bodkin Arrow
老头
5:14 Loom
13:49 Feudal Age
19:44 Castle Age
Mr. Penis
15:08 Feudal Age
16:41 Loom
17:47 Double-Bit Axe
17:42 Horse Collar
20:22 Castle Age
22:35 Bow Saw
28:47 Bloodlines
28:37 Husbandry
31:37 Wheelbarrow
30:52 Town Watch
32:04 Gold Mining
32:16 Heavy Plow
33:27 Scale Barding Armor
Connection lost

Rejoining the realm…

Still unreachable

The connection could not be restored.

Session expired

The server has moved on; the page needs a fresh start.